 Dungeon Crawl Stone Soup version 0.22.1-1-ga44c0e56f4 (webtiles) character file.

80 Peloso the Shield-Bearer (level 4, -1/40 HPs)
             Began as a Minotaur Fighter on Sept 21, 2018.
             Succumbed to big kobold's curare-tipped needle
             ... on level 3 of the Dungeon.
             The game lasted 00:03:19 (1757 turns).

Peloso the Shield-Bearer (Minotaur Fighter)         Turns: 1757, Time: 00:03:20

Health: -1/40      AC:  7    Str: 20    XL:     4   Next: 18%
Magic:  1/3        EV:  8    Int:  5    God:
Gold:   120        SH:  9    Dex: 11    Spells: 3/3 levels left

rFire    . . .     SeeInvis .   a - +0 long sword
rCold    . . .     Gourm    .   c - +0 shield
rNeg     + . .     Faith    .   b - +0 scale mail
rPois    .         Spirit   +   (helmet restricted)
rElec    .         Reflect  .   m - scarf {Spirit}
rCorr    .         Harm     .   (no gloves)
MR       .....                  (no boots)
Stlth    ..........             (no amulet)
HPRegen  0.13/turn              o - ring of positive energy
MPRegen  0.08/turn              (no ring)

@: lethally poisoned (-1 -> -30), slowed, invisible, very slow
A: retaliatory headbutt, horns 2
a: no special abilities


You were on level 3 of the Dungeon.
You were not hungry.

You visited 1 branch of the dungeon, and saw 3 of its levels.

You collected 120 gold pieces.

Inventory:

Hand Weapons
 a - a +0 long sword (weapon)
Armour
 b - a +0 scale mail (worn)
 c - a +0 shield (worn)
 m - a scarf of spirit shield (worn)
Jewellery
 o - a ring of positive energy (left hand)
Scrolls
 e - a scroll of random uselessness {unknown}
 h - 10 scrolls of identify {unknown}
 i - a scroll of teleportation {unknown}
 j - a scroll of amnesia {unknown}
 l - a scroll of remove curse {unknown}
 q - 2 scrolls of enchant weapon {unknown}
Potions
 d - a potion of might
 g - a potion of invisibility
 k - 2 potions of curing {unknown}
 n - a potion of ambrosia {unknown}
 p - a potion of brilliance {unknown}
 r - a potion of magic {unknown}
Comestibles
 f - 8 rations
 s - 2 chunks of flesh


   Skills:
 + Level 3.9 Fighting
 + Level 3.5 Long Blades
 + Level 4.3 Armour
 + Level 0.8 Dodging
 + Level 0.2 Stealth
 + Level 4.4 Shields


You had 3 spell levels left.
You didn't know any spells.
Your spell library contained the following spells:

 Spells                   Type           Power        Failure   Level  Hunger
 Summon Small Mammal      Summ           #...         99%         1    ##.....
 Call Imp                 Summ           #.......     100%        2    ###....
 Call Canine Familiar     Summ           #.......     100%        3    ####...
 Summon Guardian Golem    Hex/Summ       #.......     100%        3    ####...
 Summon Ice Beast         Ice/Summ       #.......     100%        4    #####..
 Summon Lightning Spire   Summ/Air       #.......     100%        4    #####..


Dungeon Overview and Level Annotations

Branches:
Dungeon (3/15)

Altars:
Vehumet

Annotations:
D:3 Sotto's ghost, amateur DEFE


Innate Abilities, Weirdness & Mutations

You reflexively headbutt those who attack you in melee.
You have a pair of horns on your head.


Message History

The big kobold shoots a curare-tipped needle.
The curare-tipped needle hits you.
You are more poisoned.
You have difficulty breathing.
You feel as though you will be slow longer.
You see here a curare-tipped needle.
Unknown command.
* * * LOW HITPOINT WARNING * * *
You feel very sick.
Unknown command.
* * * LOW HITPOINT WARNING * * *
You feel very sick. The kobold closely misses you. You furiously retaliate!
You headbutt the kobold.
Unknown command.
* * * LOW HITPOINT WARNING * * *
You feel very sick.
It was a potion of invisibility.
You fade into invisibility!
You die...

#..# #..## ##..##.##......
#.<#### ##..# ##............
#.....# ##.######..#...#...#.
##.....## #.....##.###.###....
#...#...########.....#...#...##
#.#.#......# ###....._.....#
#.#.#####..## ##..#...#...#
#...#####...#######.###.###..##
##.....##.....@K.##..#...#....#
##.##[...#.####K##......)....#
#.#####......#KK#####)####...
#.# ##.....(.KK..#.†# #.... #.#
#...##'''##....###.... #.#
#..##...KK##.......... #.#
#..#..#K#..#.#####.... #.#
#..#♣.#.#.♣#.#####.... #.#
#..#..#.#..#........##


You could see 4 kobolds.

Vanquished Creatures
  2 adders (D:3)
  A worm (D:2)
  3 leopard geckos
  5 bats
  3 giant cockroaches
  7 goblins
  7 hobgoblins
  9 jackals
  2 kobolds (D:1)
  A quokka (D:3)
  A ball python (D:1)
  A frilled lizard (D:3)
  9 rats
51 creatures vanquished.

Vanquished Creatures (others)
  2 fungi (D:3)
  2 plants (D:3)
4 creatures vanquished.

Grand Total: 55 creatures vanquished

Notes
Turn   | Place    | Note
-------+----------+-------------------------------------------
     0 | D:1      | Peloso the Minotaur Fighter began the quest for the Orb.
     0 | D:1      | Reached XP level 1. HP: 19/19 MP: 0/0
   138 | D:1      | Reached XP level 2. HP: 27/27 MP: 1/1
   775 | D:2      | Reached XP level 3. HP: 33/33 MP: 2/2
  1327 | D:3      | Noticed a big kobold
  1328 | D:3      | Found a runed gate.
  1329 | D:3      | Found a runed gate.
  1333 | D:3      | Found a runed gate.
  1373 | D:3      | Noticed Sotto's ghost (amateur DEFE)
  1385 | D:3      | Found a radiant altar of Vehumet.
  1662 | D:3      | Reached XP level 4. HP: 40/40 MP: 3/3
  1757 | D:3      | Succumbed to big kobold's curare-tipped needle

Skill      XL: |  1  2 |
---------------+-------+-----
Shields        | 4 |  4.4
Armour         | 4 |  4.3
Long Blades    | 3 |  3.5
Fighting       | |  3.9
Dodging        | |  0.8
Stealth        | |  0.2

Action                   |  1- 3 |  4- 6 || total
-------------------------+-------+-------++-------
Melee: Long sword        |   116 |    15 ||   131
       Headbutt          |    14 |     3 ||    17
  Use: Potion            |       |     1 ||     1
  Eat: Chunk             |     3 |       ||     3
Armor: Scale mail        |    63 |    11 ||    74
Dodge: Dodged            |    42 |    12 ||    54
Block: Shield            |    68 |    17 ||    85
       Rpst.: Long sword |     8 |     4 ||    12
